 Dungeon Crawl Stone Soup version 0.29-a0-557-g43b9904bd1 (webtiles) character file.

Game seed: 15994507876679856576

3434 nobbins the Magician (level 9, -8/63 HPs)
             Began as a Purple Draconian Conjurer on June 9, 2022.
             Was an Elder of Makhleb.
             Mangled by an ice beast (14 damage)
             ... on level 7 of the Dungeon.
             The game lasted 01:00:22 (8927 turns).

nobbins the Magician (Purple Draconian Conjurer)    Turns: 8927, Time: 01:00:24

Health: -8/63      AC:  7    Str: 14    XL:     9   Next: 77%
Magic:  0/18       EV: 14    Int: 22    God:    Makhleb [****..]
Gold:   130        SH:  0    Dex: 13    Spells: 4/20 levels left

rFire   . . .      SeeInvis .   o - +5 quick blade
rCold   x . .      Faith    .   (no shield)
rNeg    . . .      Spirit   +   (body armour unavailable)
rPois   +          Reflect  .   (helmet restricted)
rElec   .          Harm     .   (no cloak)
rCorr   .          Rampage  .   (no gloves)
Will    +....                   (no boots)
Stlth   +++.......              c - amulet "Rema Cis" {Spirit rPois rC- Str-3 Dex+4}
HPRegen 0.20/turn               j - +6 ring of strength
MPRegen 0.16/turn               z - ring of wizardry

@: brilliant, slowed, unable to read, very slow
A: breathe power, AC +7, unfitting armour, cold-blooded, frail 1, inability to
read while threatened
a: Breathe Dispelling Energy, Renounce Religion, Minor Destruction, Lesser
Servant of Makhleb, Major Destruction


You were on level 7 of the Dungeon.
You worshipped Makhleb.
Makhleb was greatly pleased with you.
You visited 1 branch of the dungeon, and saw 8 of its levels.

You collected 350 gold pieces.
You spent 220 gold pieces at shops.

Inventory:

Hand Weapons
 b - a +0 dagger
 d - a +0 short sword
 i - a +3 spectral dagger
 o - a +5 quick blade (weapon)
Jewellery
 c - the amulet "Rema Cis" (around neck) {Spirit rPois rC- Str-3 Dex+4}
   (You acquired it on level 6 of the Dungeon)

   [amulet of guardian spirit]

   It causes incoming damage to be divided between your reserves of health and
   magic.
   Str:       It affects your strength (-3).
   Dex:       It affects your dexterity (+4).
   rC:        It makes you vulnerable to cold.
   rPois:     It protects you from poison.
 e - an amulet of regeneration
 j - a +6 ring of strength (left hand)
 w - a ring of resist corrosion
 y - the ring "Sotanil" {rPois rC+ Dex-2 SInv Stlth-}
   (You found it on level 6 of the Dungeon)

   [ring of protection from cold]

   Dex:       It affects your dexterity (-2).
   rC:        It protects you from cold.
   rPois:     It protects you from poison.
   SInv:      It lets you see invisible.
   Stlth:     It makes you less stealthy.
 z - a ring of wizardry (right hand)
 E - an amulet of guardian spirit
Wands
 h - a wand of polymorph (13)
 t - a wand of acid (6)
 v - a wand of digging (4)
Scrolls
 f - 2 scrolls of noise
 l - 2 scrolls of identify
 m - a scroll of magic mapping
 n - a scroll of amnesia
 q - 3 scrolls of immolation
 A - 3 scrolls of teleportation
Potions
 a - a potion of magic
 g - 2 potions of degeneration
 k - 2 potions of attraction
 r - 2 potions of flight
 F - 2 potions of might


   Skills:
 + Level 3.2 Fighting
 + Level 4.9 Short Blades
 + Level 5.1 Dodging
 + Level 6.4 Stealth
 + Level 6.4 Spellcasting
 + Level 6.0 Conjurations
 + Level 2.9 Hexes
 * Level 5.4 Translocations
 + Level 1.0 Invocations


You had 4 spell levels left.
You knew the following spells:

 Your Spells              Type           Power      Damage    Failure   Level
a - Magic Dart            Conj           100%       1d8       1%          1
b - Searing Ray           Conj           100%       2d8       1%          2
c - Dazzling Flash        Conj/Hex       80%        N/A       1%          3
d - Blink                 Tloc           92%        N/A       1%          2
e - Slow                  Hex            100%       N/A       1%          1
f - Teleport Other        Tloc           46%        N/A       1%          3
g - Fulminant Prism       Conj/Hex       20%        3d13      6%          4

Your spell library contained the following spells:

 Spells                   Type           Power      Damage    Failure   Level
 Static Discharge         Conj/Air       30%        N/A       1%          2
 Gell's Gravitas          Tloc           46%        N/A       1%          3
 Lesser Beckoning         Tloc           46%        N/A       1%          3
 Confusing Touch          Hex            29%        N/A       3%          3
 Iskenderun's Mystic Bla  Conj/Tloc      48%        2d11      3%          4
 Scorch                   Fire           20%        2d6       5%          2
 Vampiric Draining        Necr           10%        2d6       11%         3
 Cause Fear               Hex            14%        N/A       11%         4
 Flame Wave               Conj/Fire      30%        2d8       11%         4
 Manifold Assault         Tloc           46%        N/A       11%         5
 Lightning Bolt           Conj/Air       15%        1d29      26%         5
 Dispersal                Tloc           23%        N/A       47%         6
 Summon Cactus Giant      Summ           5%         N/A       99%         6
 Dragon Form              Tmut           5%         N/A       100%        7
 Maxwell's Capacitive Co  Air            5%         ∞         100%        8
 Dragon's Call            Summ           5%         N/A       100%        9


Dungeon Overview and Level Annotations

Branches:
Dungeon (8/15)             Temple (0/1) D:7
   Lair: D:8-11

Altars:
Cheibriados
Fedhas
Makhleb
Qazlal
Ru

Shops:
D:5 !*:(

Annotations:
D:8 Grum, Joseph


Innate Abilities, Weirdness & Mutations

You can breathe bolts of dispelling energy.
Your rich purple scales are hard. (AC +7)
You cannot fit into any form of body armour.
You are cold-blooded and may be slowed by cold attacks.
You are frail. (-10% HP)
You sometimes lose the ability to read scrolls when taking damage.


Message History

Unknown command.
You feel stable enough to blink again. The wolf bites you but does no damage.
Casting: Blink (safe; 1% risk of failure)
Confirm with . or Enter, or press ? or * to list all spells.
You feel a surge of power!
You blink.
You feel stable enough to blink again.
You hit the wolf but do no damage. Your punch misses the wolf.
The wolf barely misses you.
You miss the wolf. The wolf closely misses you.
You puncture the wolf!
The wolf is heavily wounded.
The wolf bites you but does no damage.
You closely miss the wolf.
The wolf is heavily wounded.
You hit the wolf.
The wolf is severely wounded.
The wolf bites you but does no damage.
You miss the wolf.
The wolf is severely wounded.
The wolf bites you but does no damage. The ice beast hits you.
* * * LOW HITPOINT WARNING * * *
The ice beast freezes you!
You feel a terrible chill!
You feel yourself slow down.
* * * LOW HITPOINT WARNING * * *
Okay, then.
You hit the wolf. You tail-slap the wolf.
The wolf is almost dead.
The wolf bites you but does no damage. The ice beast misses you.
You hit the wolf.
You kill the wolf!
Makhleb accepts your kill.
You feel better. The ice beast attacks as you move away!
The ice beast closely misses you.
You feel yourself speed up. The ice beast hits you.
* * * LOW HITPOINT WARNING * * *
The ice beast freezes you!
You feel a terrible chill!
You feel yourself slow down.
You die...

###### ## ############### #....#
#. #.............# #....# #.
#.............# #....# #.
#.........)...# #....# #.
#.........Y...# #....# #.
#######..##..##@.######....####.
#..####..#######..............##
#(.....>......#...#...........#
#.............+...#...........#
#.............#...#...........#
#.............#...#...........#
#.............#...#...........#
#...###.###########...........##
###'###.###.#.........######....


You could see an ice beast.

Vanquished Creatures
  Prince Ribbit (D:6)
  Sigmund (D:5)
  2 wyverns
  3 yaks
  An orc warrior (D:7)
  A water moccasin (D:7)
  A black bear (D:6)
  An ice beast (D:5)
  4 ogres
  A wolf (D:7)
  2 kobold brigands (D:8)
  2 phantoms (D:5)
  A bullfrog (D:7)
  4 scorpions
  2 hounds
  A jelly (D:5)
  4 orc priests
  2 iguanas
  2 orc wizards
  Robin (D:2)
  5 adders
  2 white imps (D:7)
  2 ufetubi
  2 worms
  31 orcs
  6 bats
  8 endoplasms
  10 giant cockroaches
  13 goblins
  11 hobgoblins
  6 jackals
  12 kobolds
  6 quokkas
  8 ball pythons
  A frilled lizard (D:2)
  11 rats
171 creatures vanquished.

Vanquished Creatures (collateral kills)
  2 dream sheep (D:8)
  A howler monkey (D:5)
  A jelly (D:5)
  3 orcs (D:5)
7 creatures vanquished.

Vanquished Creatures (others)
  4 fulminant prisms
  11 plants
15 creatures vanquished.

Grand Total: 193 creatures vanquished

Notes
Turn   | Place    | Note
-------+----------+-------------------------------------------
     0 | D:1      | nobbins the Draconian Conjurer began the quest for the Orb.
     0 | D:1      | Reached XP level 1. HP: 14/14 MP: 3/3
   293 | D:1      | Reached XP level 2. HP: 18/20 MP: 1/5
   327 | D:1      | Learned a level 2 spell: Searing Ray
  1154 | D:1      | Reached XP level 3. HP: 26/26 MP: 4/6
  1186 | D:1      | Found a faded altar of an unknown god.
  1195 | D:1      | Prayed at the altar of an unknown god.
  1195 | D:1      | Became a worshipper of Makhleb the Destroyer
  1195 | D:1      | Reached * piety under Makhleb
  1553 | D:2      | Noticed Robin
  1602 | D:2      | Killed Robin
  1799 | D:2      | Reached XP level 4. HP: 33/33 MP: 5/7
  1803 | D:2      | Learned a level 3 spell: Dazzling Flash
  1922 | D:2      | Reached ** piety under Makhleb
  3175 | D:3      | Found a sacrificial altar of Ru.
  3610 | D:3      | Reached XP level 5. HP: 38/38 MP: 5/9
  3971 | D:4      | You fall into a shaft and drop 2 floors!
  3989 | D:5      | Entered Level 5 of the Dungeon
  4000 | D:5      | Reached *** piety under Makhleb
  4098 | D:6      | Reached skill level 1 in Short Blades
  4168 | D:4      | Reached skill level 1 in Translocations
  4257 | D:4      | Noticed an ogre
  4260 | D:4      | Killed an ogre
  4261 | D:4      | Reached XP level 6. HP: 37/46 MP: 5/10
  4298 | D:4      | Learned a level 2 spell: Blink
  4434 | D:4      | Found a snail-covered altar of Cheibriados.
  4895 | D:5      | Reached skill level 5 in Conjurations
  4895 | D:5      | Your scales start taking on a rich purple colour.
  4895 | D:5      | Reached XP level 7. HP: 34/51 MP: 3/13
  5017 | D:5      | Reached skill level 1 in Fighting
  5035 | D:5      | Found a burning altar of Makhleb.
  5069 | D:5      | Found Salonyn's Book Shoppe.
  5079 | D:5      | Bought a book of Debilitation for 220 gold pieces
  5081 | D:5      | Learned a level 1 spell: Slow
  5099 | D:5      | Found Bugabopu's Distillery.
  5196 | D:5      | Noticed Sigmund
  5209 | D:5      | Found Keneel's General Store.
  5219 | D:5      | Killed Sigmund
  5407 | D:5      | Reached XP level 8. HP: 54/59 MP: 5/14
  5552 | D:5      | Reached skill level 5 in Stealth
  5552 | D:5      | Found Vofuz's Antique Weapon Shop.
  5921 | D:6      | Reached **** piety under Makhleb
  5927 | D:6      | Identified the ring "Sotanil" {rPois rC+ Dex-2 SInv Stlth-}
  6603 | D:6      | Identified a scroll of acquirement
  6603 | D:6      | Acquired the amulet "Rema Cis" {Spirit rPois rC- Str-3
                  | Dex+4}
  6636 | D:6      | Reached skill level 5 in Spellcasting
  6793 | D:6      | Reached skill level 1 in Hexes
  6898 | D:6      | Reached XP level 9. HP: 65/68 MP: 11/17
  6902 | D:6      | Learned a level 3 spell: Teleport Other
  7011 | D:6      | Noticed Prince Ribbit
  7017 | D:6      | Killed Prince Ribbit
  7018 | D:6      | Reached skill level 1 in Invocations
  7386 | D:6      | Gained mutation: You are frail. (-10% HP) [potion of
                  | mutation]
  7386 | D:6      | Gained mutation: You sometimes lose the ability to read
                  | scrolls when taking damage. [potion of mutation]
  7459 | D:7      | Found a blossoming altar of Fedhas.
  7477 | D:7      | Found a stormy altar of Qazlal.
  7650 | D:7      | Found a staircase to the Ecumenical Temple.
  8210 | D:7      | Acquired a +5 quick blade
  8301 | D:7      | Learned a level 4 spell: Fulminant Prism
  8357 | D:7      | Reached skill level 5 in Translocations
  8697 | D:8      | Noticed Joseph
  8783 | D:8      | Reached skill level 5 in Dodging
  8796 | D:8      | Noticed a two-headed hydra
  8894 | D:8      | Noticed Grum
  8924 | D:7      | HP: 3/63 [ice beast (11)]
  8927 | D:7      | Mangled by an ice beast

Illustrated notes

Levels and vault maps discovered:
D:1:      mrwooster_arrival_statue_2, layout_basic,
          ebering_ecumenical_altar_box, minmay_worlds_worst_comb
D:2:      layout_rooms, minmay_randomly_rotated_circles, uniq_robin
D:3:      cheibrodos_old_hovel, layout_basic, nicolae_ru_the_path_less_chosen,
          nrook_mini_vaults, serial_bayou_pond_b
D:4:      layout_loops_cross, overflow_temple_1_default
D:5:      layout_cave_pools, mainiacjoe_overflow_boulevard, serial_shops,
          nicolae_shop_hallway_plus, nicolae_lakefront_shop,
          nicolae_shop_statue_plus, nicolae_take_the_stairs, shop,
          grunt_decor_resistance, kennysheep_small_spiral,
          minmay_fractal_squares_diagonal_5, uniq_sigmund
D:6:      layout_gridville, uniq_prince_ribbit1
D:7:      layout_gridville, fedhas_altar_1, old_standard_altar,
          minmay_temple_entry_stoned_glass
D:8:      layout_rooms, hangedman_ranch, uniq_grum, uniq_joseph

Skill      XL: |  1  2  3  4  5  6  7  8  9 |
---------------+----------------------------+-----
Stealth        | 2 3 4 5 6 |  6.4
Dodging        | 2 3 4 5 |  5.1
Short Blades   | 1 2 3 4 |  4.9
Spellcasting   | 3 4 5 6 |  6.4
Translocations | 1 2 3 4 5 |  5.4
Conjurations   | 5 6 |  6.0
Fighting       | 1 2 3 |  3.2
Hexes          | 1 2 |  2.9
Invocations    | 1 |  1.0

Action                   |  1- 3 |  4- 6 |  7- 9 || total
-------------------------+-------+-------+-------++-------
Melee: Short sword       |    93 |       |       ||    93
       Dagger            |     6 |   102 |    97 ||   205
       Tailslap          |    11 |    10 |    21 ||    42
       Punch             |     2 |       |     2 ||     4
       Quick blade       |       |       |    66 ||    66
 Cast: Magic Dart        |    47 |    62 |    21 ||   130
       Searing Ray       |     6 |    21 |    21 ||    48
       Blink             |       |     1 |     5 ||     6
       Dazzling Flash    |       |       |     9 ||     9
       Slow              |       |       |     9 ||     9
       Fulminant Prism   |       |       |     4 ||     4
Invok: Lesser Servant of |       |       |     3 ||     3
  Use: Scroll            |       |     5 |    11 ||    16
       Potion            |       |     2 |    11 ||    13
 Stab: Sleeping          |     1 |     6 |     4 ||    11
       Distracted        |       |     1 |     2 ||     3
       Invisible         |       |       |     1 ||     1
Armor: Skin              |    35 |    29 |    73 ||   137
Dodge: Dodged            |    65 |    81 |   141 ||   287

Table legend: (Time is in decaauts)
 A = Elapsed time spent in this place.
 B = Non-inter-level travel time spent in this place.
 C = Inter-level travel time spent in this place.
 D = Time resting spent in this place.
 E = Time spent auto-exploring this place.
 F = Levels seen in this place.
 G = Mean time per level.
                   A        B        C        D        E       F      G
               +--------+--------+--------+--------+--------+-----+--------+
         Total |   8885 |   8700 |    185 |   1893 |   4086 |   8 | 1110.6 |
       Dungeon |   8885 |   8700 |    185 |   1893 |   4086 |   8 | 1110.6 |
               +--------+--------+--------+--------+--------+-----+--------+

Top non-repeatable levels by time:
     D:6: 1556 daAuts
     D:3: 1464 daAuts
     D:5: 1411 daAuts
     D:1: 1370 daAuts
     D:7: 1104 daAuts
     D:2: 1058 daAuts
     D:4: 785 daAuts
     D:8: 133 daAuts
